 Dungeon Crawl Stone Soup version 0.22.1-1-ga44c0e5 (webtiles) character file.

308 Folque the Digger (level 6, -6/39 HPs)
             Began as an Octopode Earth Elementalist on Oct 6, 2018.
             Mangled by Paps's ghost (15 damage)
             ... on level 4 of the Dungeon.
             The game lasted 00:14:16 (2888 turns).

Folque the Digger (Octopode Earth Elementalist)     Turns: 2888, Time: 00:14:17

Health: -6/39      AC:  1    Str:  7    XL:     6   Next: 40%
Magic:  0/10       EV: 13    Int: 19    God:
Gold:   270        SH:  0    Dex: 13    Spells: 1/11 levels left

rFire    . . .     SeeInvis .   t - +3 quarterstaff (chaos)
rCold    . . .     Gourm    .   (shield currently unavailable)
rNeg     . . .     Faith    .   (helmet restricted)
rPois    .         Spirit   .   (no amulet)
rElec    .         Reflect  .   (no ring)
rCorr    .         Harm     .   (no ring)
MR       .....                  (no ring)
Stlth    +++.......             (no ring)
HPRegen  0.13/turn              (no ring)
MPRegen  0.12/turn              (no ring)
                                (no ring)
                                (no ring)

@: no status effects
A: almost no armour, stealthy swim, amphibious, 8 rings, constrict 8, camouflage
1, gelatinous body 1
a: no special abilities


You were on level 4 of the Dungeon.
You were hungry.

You visited 1 branch of the dungeon, and saw 4 of its levels.

You collected 270 gold pieces.

Inventory:

Hand Weapons
 h - a +0 short sword
 q - a +2 dagger of protection
 t - a +3 quarterstaff of chaos (weapon)
 u - a +0 blowgun
Missiles
 b - 194 stones (quivered)
 d - 42 poisoned needles
 r - 11 sling bullets
Jewellery
 n - an uncursed ring of fire {unknown}
Scrolls
 a - 2 scrolls of fog {unknown}
 e - 4 scrolls of identify
 f - 2 scrolls of random uselessness {unknown}
 g - a scroll of amnesia {unknown}
 i - a scroll of enchant weapon {unknown}
 j - a scroll of fear {unknown}
 k - a scroll of teleportation {unknown}
 m - 3 scrolls of remove curse {unknown}
 w - a scroll of magic mapping {unknown}
Potions
 l - 2 potions of heal wounds
 o - 2 potions of flight {unknown}
 p - a potion of cancellation {unknown}
 s - 2 potions of brilliance {unknown}
 v - a potion of haste {unknown}
Comestibles
 c - 8 rations


   Skills:
 - Level 2.0 Fighting
 + Level 0.7 Throwing
 - Level 2.0 Dodging
 - Level 2.6 Stealth
 - Level 3.1 Spellcasting
 * Level 3.2 Transmutations
 + Level 4.8 Earth Magic


You had one spell level left.
You knew the following spells:

 Your Spells              Type           Power        Failure   Level  Hunger
a - Sandblast             Erth           ###...       1%          1    None
b - Stone Arrow           Conj/Erth      ##....       17%         3    ###....
c - Passwall              Tmut/Erth      ###.....     4%          2    ##.....
d - Petrify               Tmut/Erth      ###.....     28%         4    ####...

Your spell library contained the following spells:

 Spells                   Type           Power        Failure   Level  Hunger
 Lee's Rapid Deconstruct  Erth           ###.......   50%         5    ######.


Dungeon Overview and Level Annotations

Branches:
Dungeon (4/15)
 Temple: D:4-7

Altars:
Dithmenos
Elyvilon

Annotations:
D:3 Grinder
D:4 Paps's ghost, amateur MiFi; Sigmund


Innate Abilities, Weirdness & Mutations

You cannot wear most types of armour.
You are very stealthy in the water. (Stealth+)
You are amphibious.
You can wear up to eight rings at the same time.
You can use your tentacles to constrict eight enemies at once.
Your skin changes colour to match your surroundings (Stealth+).
Your rubbery body absorbs attacks. (AC +1, EV +1)


Message History

The stone arrow hits Paps's ghost.
Paps's ghost is heavily damaged.
Paps's ghost barely misses you.
You hit Paps's ghost.
Paps's ghost spins around.
Your squeeze misses Paps's ghost.
Paps's ghost is heavily damaged.
Paps's ghost hits you!
You hit Paps's ghost.
Paps's ghost is heavily damaged.
Paps's ghost says very slowly, "There's no hope."
Paps's ghost barely misses you. Paps's ghost closely misses you.
You barely miss Paps's ghost.
You squeeze Paps's ghost, but do no damage.
Paps's ghost is heavily damaged.
Paps's ghost hits you!
* * * LOW HITPOINT WARNING * * *
You hit Paps's ghost. Your squeeze misses Paps's ghost.
Paps's ghost is severely damaged.
Paps's ghost hits you!
You die...

.#.# <#.#
)#'#########
.........[.# #####
...........# #..)#
...........# #...#
...........# #...#
...........# ##'##
...........# ##@#
.########### #W##
.##........# ##.#
.##........# #.##
.##........# ##.##
'##........# #.W.##
...........# #....#
...........# #....#
.....#####.###....#


You could see Paps's ghost.

Vanquished Creatures
  An ogre (D:4)
  Crazy Yiuf (D:4)
  2 iguanas (D:4)
  A hound skeleton (D:3)
  5 adders
  An adder skeleton (D:4)
  3 worms
  4 dart slugs
  An orc (D:3)
  5 bats
  4 giant cockroaches
  14 goblins
  9 hobgoblins
  10 kobolds
  A quokka (D:4)
  2 ball pythons
  A frilled lizard (D:2)
  8 rats
73 creatures vanquished.

Notes
Turn   | Place    | Note
-------+----------+-------------------------------------------
     0 | D:1      | Folque the Octopode Earth Elementalist began the quest for
                  | the Orb.
     0 | D:1      | Reached XP level 1. HP: 11/11 MP: 3/3
    84 | D:1      | Reached XP level 2. HP: 15/18 MP: 5/5
   312 | D:1      | Reached skill level 1 in Fighting
   314 | D:1      | Reached XP level 3. HP: 23/23 MP: 6/6
   713 | D:2      | Learned a level 3 spell: Stone Arrow
   716 | D:2      | Learned a level 2 spell: Passwall
   890 | D:2      | Reached skill level 4 in Earth Magic
   890 | D:2      | Reached XP level 4. HP: 28/28 MP: 7/7
  1169 | D:3      | Found a shadowy altar of Dithmenos.
  1305 | D:3      | Noticed Grinder
  1414 | D:3      | Found a white marble altar of Elyvilon.
  1496 | D:3      | Reached XP level 5. HP: 18/34 MP: 9/9
  1798 | D:4      | Noticed Sigmund
  1826 | D:4      | Learned a level 4 spell: Petrify
  1899 | D:4      | Noticed an ogre
  2041 | D:4      | Found a runed door.
  2044 | D:4      | Noticed Paps's ghost (amateur MiFi)
  2155 | D:4      | Killed an ogre
  2155 | D:4      | Reached XP level 6. HP: 39/39 MP: 1/10
  2299 | D:4      | Found a runed door.
  2339 | D:4      | Noticed Crazy Yiuf
  2444 | D:4      | Killed Crazy Yiuf
  2888 | D:4      | Mangled by Paps's ghost

Skill      XL: |  1  2  3  4  5  6 |
---------------+-------------------+-----
Fighting       | 1 2 |  2.0
Earth Magic    | 4 |  4.8
Spellcasting   | 3 |  3.1
Transmutations | 2 3 |  3.2
Throwing       | |  0.7
Dodging        | |  2.0
Stealth        | |  2.6

Action                   |  1- 3 |  4- 6 || total
-------------------------+-------+-------++-------
Melee: Unarmed           |    10 |       ||    10
       Constrict         |    17 |    15 ||    32
       Tentacles         |    10 |    10 ||    20
       Short sword       |    39 |       ||    39
       Dagger            |     5 |    45 ||    50
       Quarterstaff      |       |     7 ||     7
 Fire: Blowgun           |       |    27 ||    27
 Cast: Sandblast         |     5 |    18 ||    23
       Stone Arrow       |       |    15 ||    15
       Passwall          |       |     4 ||     4
  Use: Scroll            |       |     1 ||     1
       Potion            |       |     1 ||     1
 Stab: Sleeping          |    13 |     5 ||    18
  Eat: Chunk             |       |     7 ||     7
Armor: Skin              |     1 |    11 ||    12
Dodge: Dodged            |    23 |    46 ||    69
